 Dungeon Crawl Stone Soup version 0.28.0-53-g5a82cb258f (webtiles) character file.

Game seed: 15949214423145277241

13785 quixfox the Severer (level 12, -1/110 HPs)
             Began as a Hill Orc Fighter on July 10, 2022.
             Was a High Priest of Okawaru.
             Slain by an Executioner (2 damage)
             ... on level 1 of the Abyss.
             The game lasted 00:32:19 (14528 turns).

quixfox the Severer (Hill Orc Fighter)             Turns: 14528, Time: 00:32:20

Health: -1/110     AC: 28    Str: 24    XL:     12   Next: 9%
Magic:  17/17      EV:  6    Int:  8    God:    Okawaru [*****.]
Gold:   793        SH: 10    Dex: 12    Spells: 11/11 levels left

rFire   . . .      SeeInvis .   v - +0 broad axe (freeze)
rCold   . . .      Faith    +   m - +0 kite shield
rNeg    . . .      Spirit   .   i - +0 plate armour
rPois   .          Reflect  .   G - +1 helmet
rElec   +          Harm     .   (no cloak)
rCorr   .          Rampage  .   w - +2 pair of gloves
Will    .....                   (no boots)
Stlth   ..........              t - amulet of faith
HPRegen 0.28/turn               g - +4 ring of protection
MPRegen 0.15/turn               c - ring of Volept {rElec AC+4 Dex+2}

@: about to teleport
A: no striking features
a: Renounce Religion, Heroism, Finesse, Duel


You were on level 1 of the Abyss.
You worshipped Okawaru.
Okawaru was extremely pleased with you.
You visited 3 branches of the dungeon, and saw 16 of its levels.
You visited the Abyss 1 time.

You collected 793 gold pieces.

Inventory:

Hand Weapons
 a - a +0 war axe of electrocution
 v - a +0 broad axe of freezing (weapon)
 C - a +1 battleaxe of freezing
 I - the +3 morningstar of Wigocwi {vorpal, rCorr}
   (Okawaru gifted it to you on level 2 of the Orcish Mines)

   It inflicts extra damage upon your enemies.
   rCorr:     It protects you from acid and corrosion.
Missiles
 h - 16 boomerangs (quivered)
 q - 2 javelins
Armour
 i - a +0 plate armour (worn)
 m - a +0 kite shield (worn)
 w - a +2 pair of gloves (worn)
 G - a +1 helmet (worn)
Jewellery
 c - the ring of Volept (right hand) {rElec AC+4 Dex+2}
   (You found it on level 11 of the Dungeon)

   [ring of protection]

   AC:        It affects your AC (+4).
   Dex:       It affects your dexterity (+2).
   rElec:     It insulates you from electricity.
 d - a ring of flight
 g - a +4 ring of protection (left hand)
 t - an amulet of faith (around neck)
 A - an amulet of reflection
Wands
 o - a wand of iceblast (19)
 r - a wand of flame (14)
 y - a wand of acid (4)
Scrolls
 j - a scroll of blinking
 p - 6 scrolls of teleportation
 u - a scroll of brand weapon
 B - 2 scrolls of magic mapping
 D - a scroll of amnesia
Potions
 b - 2 potions of magic
 e - a potion of haste {unknown}
 f - 6 potions of curing
 k - a potion of berserk rage {unknown}
 l - 3 potions of degeneration {unknown}
 n - a potion of resistance {unknown}
 s - 2 potions of attraction {unknown}
 x - a potion of heal wounds {unknown}
 z - a potion of mutation {unknown}
 E - a potion of might
 F - a potion of brilliance {unknown}
 H - a potion of flight {unknown}


   Skills:
 + Level 11.0 Fighting
 * Level 15.8 Axes
 + Level 10.0 Armour
 + Level 7.9 Shields
 + Level 7.0 Invocations


You had 11 spell levels left.
You didn't know any spells.
Your spell library contained the following spells:

 Spells                   Type           Power      Damage    Failure   Level
 Magic Dart               Conj           0%         1d3       100%        1
 Ensorcelled Hibernation  Hex/Ice        0%         N/A       100%        2
 Passwall                 Tmut/Erth      0%         N/A       100%        2
 Mephitic Cloud           Conj/Pois/Air  0%         N/A       100%        3
 Swiftness                Air            0%         N/A       100%        3
 Summon Small Mammal      Summ           Unusable   N/A       N/A         1
 Call Imp                 Summ           Unusable   N/A       N/A         2
 Call Canine Familiar     Summ           Unusable   N/A       N/A         3
 Summon Guardian Golem    Hex/Summ       Unusable   N/A       N/A         3

Dungeon Overview and Level Annotations

Branches:
Dungeon (13/15)            Temple (1/1) D:7            Lair (0/6) D:10
    Orc (2/2) D:10
    Elf: Orc:2       Vaults: D:13-14

Altars:
Ashenzari
Cheibriados
Dithmenos
Elyvilon
Fedhas
Gozag
Hepliaklqana
Kikubaaqudgha
Makhleb
Nemelex Xobeh
Okawaru
Qazlal
Ru
Sif Muna
Trog
Uskayaw
Vehumet
Wu Jian
Xom
Yredelemnul
Zin
The Shining One

Shops:
D:10 *

Annotations:
D:5 2 transporters, bchevrier's ghost, novice GnWn
D:6 1 runed translucent door, Diggabert's ghost, novice HuFi
D:13 Josephine
Orc:2 Erolcha


Message History

The Executioner hits you but does no damage. x2
You block the Executioner's attack. x2
The Executioner hits you but does no damage. x2
You block the Executioner's attack. The Executioner barely misses you.
The Executioner completely misses you. You block the Executioner's attack.
The Executioner hits you but does no damage.
You block the Executioner's attack.
The Executioner hits you but does no damage. x2
You block the Executioner's attack. The Executioner hits you.
The Executioner hits you but does no damage.
The Executioner hits you.
The Executioner hits you but does no damage.
The Executioner hits you.
The Executioner hits you but does no damage.
You block the Executioner's attack. The Executioner barely misses you.
You block the Executioner's attack. The Executioner barely misses you.
The Executioner hits you but does no damage.
You block the Executioner's attack.
The Executioner hits you but does no damage. x2
The Executioner hits you!!
* * * LOW HITPOINT WARNING * * *
You block the Executioner's attack. The Executioner barely misses you.
You block the Executioner's attack.
The Executioner hits you but does no damage.
The Executioner hits you.
* * * LOW HITPOINT WARNING * * *
The Executioner hits you!
* * * LOW HITPOINT WARNING * * *
You block the Executioner's attack.
The Executioner hits you but does no damage.
The Executioner hits you but does no damage. x2
The Executioner barely misses you. The Executioner hits you!
* * * LOW HITPOINT WARNING * * *
The Executioner barely misses you.
The Executioner hits you but does no damage.
The Executioner hits you!
* * * LOW HITPOINT WARNING * * *
The Executioner hits you but does no damage.
The Executioner hits you.
You die...

... . .. # .#
§.§## ..# #.
#.#§... ## ##.#
...... .§# #.# #
.#.. #... .† ##
##.. #.#.# ##. #
.. §.##.... #
### #
.##.#.#.#..# ..#
#.# #.# #...@.##
. ##.####
#.....#1.# .# .
#.# #.##.§##.#
#.. .#.
..#.#..#.##
.#....#.#
.##.#.# #.
.#.... .#.##..#
#. ....##.
.#..###.# ..# #
#..#..##.....# #
#
#.#..#..#.#.....


You could see an Executioner (fast).

Vanquished Creatures
  A boulder beetle (D:11)
  A two-headed ogre (D:12)
  Sonja (Orc:2)
  Pikel (D:6)
  A cyclops (D:12)
  Joseph (D:7)
  4 trolls
  A large abomination (Abyss:1)
  A raiju (Abyss:1)
  3 wraiths
  A shadow (D:11)
  25 yaks
  Grum (D:9)
  3 vampire mosquitoes (D:11)
  Eustachio (D:6)
  An acid dragon (D:12)
  2 water moccasins
  10 orc warriors
  2 necrophages (D:4)
  A black bear (D:6)
  4 wolves
  6 ogres
  6 centaurs
  A lemure (D:6)
  A kobold brigand (D:9)
  2 bullfrogs (D:7)
  A scorpion (D:4)
  A water moccasin skeleton (D:6)
  6 killer bees (D:8)
  3 wights (D:9)
  4 howler monkeys
  A crimson imp (D:6)
  4 centaur zombies
  A hound (D:6)
  A bullfrog zombie (D:5)
  A gnoll shaman (D:8)
  4 orc priests
  4 iguanas
  8 orc wizards
  A hound skeleton (D:5)
  6 gnolls
  7 adders
  2 shadow imps
  A white imp (D:8)
  An ufetubus (D:3)
  4 worms
  3 dart slugs
  47 orcs
  8 bats
  14 endoplasms
  6 giant cockroaches
  12 hobgoblins
  4 jackals (D:5)
  12 kobolds
  5 ball pythons
  3 frilled lizards (D:1)
  6 goblins
  6 rats
269 creatures vanquished.

Vanquished Creatures (others)
  3 fungi (D:12)
3 creatures vanquished.

Grand Total: 272 creatures vanquished

Notes
Turn   | Place    | Note
-------+----------+-------------------------------------------
     0 | D:1      | quixfox the Hill Orc Fighter began the quest for the Orb.
     0 | D:1      | Reached XP level 1. HP: 19/19 MP: 1/1
    72 | D:1      | Reached skill level 3 in Axes
   125 | D:1      | Reached XP level 2. HP: 27/27 MP: 2/2
   658 | D:1      | Reached XP level 3. HP: 33/33 MP: 3/3
   811 | D:2      | Reached skill level 4 in Axes
  1347 | D:2      | Reached XP level 4. HP: 37/40 MP: 4/4
  2035 | D:3      | Reached skill level 5 in Axes
  2035 | D:3      | Reached XP level 5. HP: 35/47 MP: 5/5
  2660 | D:4      | Noticed a necrophage
  2674 | D:4      | Killed a necrophage
  2675 | D:4      | Reached skill level 5 in Fighting
  2675 | D:4      | Reached skill level 6 in Axes
  2675 | D:4      | Reached XP level 6. HP: 56/56 MP: 6/6
  2738 | D:4      | Noticed a necrophage
  2746 | D:4      | Killed a necrophage
  2941 | D:4      | Reached skill level 7 in Axes
  2941 | D:4      | Reached skill level 5 in Armour
  3113 | D:4      | Reached XP level 7. HP: 61/61 MP: 7/7
  4138 | D:5      | Entered Level 5 of the Dungeon
  4338 | D:5      | Reached skill level 8 in Axes
  4854 | D:5      | Found a transporter.
  4854 | D:5      | Noticed bchevrier's ghost (novice GnWn)
  4882 | D:5      | Found a transporter.
  5132 | D:6      | Noticed Pikel
  5216 | D:6      | Killed Pikel
  5217 | D:6      | Reached skill level 9 in Axes
  5217 | D:6      | Reached XP level 8. HP: 61/73 MP: 8/8
  5342 | D:6      | Reached skill level 10 in Axes
  5475 | D:6      | Noticed Eustachio
  5518 | D:6      | Killed Eustachio
  5825 | D:6      | Reached XP level 9. HP: 80/80 MP: 9/9
  5857 | D:6      | Found a radiant altar of Vehumet.
  5858 | D:6      | Found a burning altar of Makhleb.
  5865 | D:6      | Identified the +9 dagger "Lioxes" {vorpal, SInv Stlth+}
  5904 | D:6      | Found a runed translucent door.
  5906 | D:6      | Noticed Diggabert's ghost (novice HuFi)
  5969 | D:6      | Identified the +4 leather armour of Moral Flaws {rN+}
  6386 | D:7      | Noticed Joseph
  6401 | D:7      | Killed Joseph
  6402 | D:7      | Reached skill level 11 in Axes
  6735 | D:7      | Found a staircase to the Ecumenical Temple.
  6746 | Temple   | Entered the Ecumenical Temple
  6757 | Temple   | Became a worshipper of Warmaster Okawaru
  7158 | D:8      | Reached skill level 12 in Axes
  7729 | D:8      | Reached * piety under Okawaru
  8260 | D:9      | Noticed Grum
  8285 | D:8      | Reached skill level 5 in Shields
  8285 | D:8      | Reached XP level 10. HP: 77/90 MP: 10/10
  8353 | D:8      | Reached skill level 1 in Invocations
  8354 | D:8      | Reached ** piety under Okawaru
  8446 | D:9      | Killed Grum
  8675 | D:9      | Reached skill level 13 in Axes
  9105 | D:9      | Reached *** piety under Okawaru
  9908 | D:10     | Entered Level 10 of the Dungeon
  9962 | D:9      | Reached skill level 14 in Axes
  9962 | D:9      | Reached XP level 11. HP: 14/99 MP: 11/14
 10731 | D:10     | Reached skill level 10 in Fighting
 10766 | D:10     | Found a staircase to the Orcish Mines.
 10787 | D:10     | Reached **** piety under Okawaru
 10829 | D:10     | Reached skill level 5 in Invocations
 11271 | D:10     | Found Sainniun's General Store.
 11570 | D:10     | Found a staircase to the Lair.
 11871 | D:11     | Identified the ring of Volept {rElec AC+4 Dex+2}
 12186 | D:11     | Noticed a boulder beetle
 12203 | D:11     | Killed a boulder beetle
 12206 | D:11     | Reached ***** piety under Okawaru
 12440 | D:11     | Received a gift from Okawaru
 12441 | D:11     | Reached skill level 15 in Axes
 12616 | D:11     | Found a shadowy altar of Dithmenos.
 12757 | D:12     | Found a blossoming altar of Fedhas.
 12829 | D:12     | Noticed a cyclops
 12848 | D:12     | Killed a cyclops
 13203 | D:12     | Noticed a two-headed ogre
 13212 | D:12     | Killed a two-headed ogre
 13505 | D:13     | Noticed Josephine
 13579 | Orc:1    | Entered Level 1 of the Orcish Mines
 13727 | Orc:2    | Entered Level 2 of the Orcish Mines
 13744 | Orc:2    | Reached XP level 12. HP: 107/108 MP: 17/17
 13793 | Orc:2    | Noticed Sonja
 14037 | Orc:2    | Killed Sonja
 14037 | Orc:2    | Identified the +3 morningstar of Wigocwi {vorpal, rCorr}
                  | (Okawaru gifted it to you on level 2 of the Orcish Mines)
 14037 | Orc:2    | Received a gift from Okawaru
 14038 | Orc:2    | Reached skill level 10 in Armour
 14410 | Orc:2    | Noticed Erolcha
 14428 | Orc:2    | Cast into level 1 of the Abyss (Erolcha)
 14515 | Abyss:1  | Noticed an Executioner
 14528 | Abyss:1  | HP: 1/110 [Executioner (9)]
 14528 | Abyss:1  | Slain by an Executioner

Illustrated notes

Levels and vault maps discovered:
D:1:      heliophobic_arrival_glass_houses, layout_rooms, chequers_mini_garden,
          hangedman_abyss_or_decor_lesser_grid
D:2:      layout_loops_ring
D:3:      layout_rooms, grunt_ministairs_12
D:4:      layout_basic, hex_large, grunt_ministairs_1
D:5:      layout_rooms, gammafunk_ghost_mausoleum
D:6:      layout_gridville, grunt_temple_overflow_lords_of_destruction,
          ebering_ghost_reflecting_pool, uniq_eustachio, uniq_pikel
D:7:      layout_rooms, minmay_temple_entry_antechambers,
          kennysheep_generic_room_16, uniq_joseph
D:8:      layout_basic
D:9:      layout_irregular_city, uniq_grum
D:10:     layout_basic, lair_entry_dummy, david_orc_3, serial_shops, shop,
          grunt_ministairs_11, grunt_decor_junction
D:11:     layout_loops_ring, nicolae_dithmenos_through_a_glass_darkly
D:12:     layout_roguey, fedhas_altar_3
D:13:     layout_big_octagon, nicolae_vehumet_altar_sigil, uniq_frances,
          uniq_maurice, uniq_josephine
Temple:   regret_index_temple_chain_breaker
Orc:1:    layout_caves, uniq_harold
Orc:2:    st_orc_open, layout_diamond_mine, mines3_lemuel, uniq_erolcha,
          uniq_sonja, uniq_nessos
Abyss:1:  base:
D:4

Skill      XL: |  1  2  3  4  5  6  7  8  9 10 11 12 |
---------------+-------------------------------------+-----
Axes           | 3 4 5 6 7 9 10 12 14 15 | 15.8
Fighting       | 4 5 7 8 9 10 11 | 11.0
Armour         | 4 5 6 8 9 10 | 10.0
Shields        | 5 6 7 |  7.9
Invocations    | 4 6 7 |  7.0

Action                   |  1- 3 |  4- 6 |  7- 9 | 10-12 || total
-------------------------+-------+-------+-------+-------++-------
Melee: War axe           |   125 |   174 |   182 |       ||   481
       Broad axe         |       |       |   128 |   379 ||   507
Throw: Boomerang         |     3 |     7 |     3 |    20 ||    33
Invok: Heroism           |       |       |       |     6 ||     6
  Use: Scroll            |       |       |    13 |     3 ||    16
       Potion            |       |       |     2 |       ||     2
Armor: Scale mail        |    76 |    55 |       |       ||   131
       Plate armour      |       |    61 |   228 |   303 ||   592
Dodge: Dodged            |    55 |    70 |    91 |    86 ||   302
Block: Buckler           |    28 |    49 |    40 |       ||   117
       Kite shield       |       |       |    55 |   222 ||   277
